 Dungeon Crawl Stone Soup version 0.31-a0-174-g85c54bcb58 (webtiles) character file.

Game seed: 9373886585604247415

86 qw the Shooter (level 4, 0/28 HPs)
             Began as a Gargoyle Hunter on June 15, 2023.
             Slain by Natasha (5 damage)
             ... on level 2 of the Dungeon.
             The game lasted 00:00:29 (1135 turns).

qw the Shooter (Gargoyle Hunter)                    Turns: 1135, Time: 00:00:29

Health: 0/28       AC:  7    Str: 15    XL:     4   Next: 49%
Magic:  4/4        EV: 11    Int:  9    God:
Gold:   74         SH:  0    Dex: 15    Spells: 3/3 levels left

rFire   . . .        Y - +0 shortbow
rCold   . . .        (shield currently unavailable)
rNeg    + . .        c - +0 leather armour
rPois   inf          e - +1 hat
rElec   +            (no cloak)
rCorr   .            (no gloves)
SInv    .            (no boots)
Will    .....        (no amulet)
Stlth   ++           (no ring)
HPRegen 0.24/turn    (no ring)
MPRegen 0.09/turn

%: no passive effects
@: about to teleport, slowed, very slow
A: sickness immunity, AC +3, negative energy resistance 1, electricity
resistance, torment resistance 1, petrification resistance
a: no special abilities


You were on level 2 of the Dungeon.
You visited 1 branch of the dungeon, and saw 2 of its levels.

You collected 74 gold pieces.


Innate Abilities, Weirdness & Mutations

You are immune to sickness and miasma.
Your stone body is resilient. (AC +3)
You are immune to poison.
You resist negative energy. (rN+)
You are resistant to electric shocks. (rElec)
You are resistant to unholy torment.
You are immune to petrification.


   Skills:
 - Level 3.0 Fighting
 + Level 5.4 Ranged Weapons
 - Level 1.5 Dodging
 - Level 1.1 Stealth


You had 3 spell levels left.
You didn't know any spells.
Your spell library was empty.

Inventory:

Hand Weapons
 Y - a +0 shortbow (weapon)
Armour
 c - a +0 leather armour (worn)
 e - a +1 hat (worn)
 g - a scarf of shadows
 h - a +0 cloak
Scrolls
 f - a scroll of fog {unknown}
 i - a scroll of acquirement {unknown}
 j - a scroll of identify {unknown}
Potions
 a - 2 potions of enlightenment {unknown}
 b - a potion of heal wounds {unknown}
 d - 2 potions of lignification {unknown}

Dungeon Overview and Level Annotations

Branches:
Dungeon (2/15)

Altars:

Annotations:
D:2 Natasha


Message History

Enter note:
Enter note: You shoot an arrow.
Natasha hisses angrily.
The arrow hits Natasha.
Natasha is lightly wounded.
You shoot an arrow. The arrow completely misses Natasha.
You shoot an arrow.
The arrow hits Natasha but does no damage.
Natasha is lightly wounded.
Natasha mumbles some strange words.
Natasha casts a spell.
1126 ||| Stepping ~*~*~tactically~*~*~ (outnumbered).
The cerulean imp hits you but does no damage.
1128 ||| Stepping ~*~*~tactically~*~*~ (outnumbered).
Natasha stares at you and mumbles some strange words.
The magic dart hits you!
1130 ||| Stepping ~*~*~tactically~*~*~ (outnumbered).
You shoot an arrow. The arrow hits Natasha.
Natasha is heavily wounded.
You shoot an arrow. The arrow hits Natasha.
Natasha is heavily wounded.
Natasha barely misses you.
The cerulean imp hits you from afar with a +1 spear.
You shoot an arrow. The arrow hits Natasha.
Natasha is severely wounded.
The cerulean imp hits you but does no damage.
Natasha stares at you and mumbles some strange words.
You feel yourself slow down.
The cerulean imp hits you from afar with a +1 spear.
You shoot an arrow. The arrow hits Natasha.
Natasha is almost dead.
The cerulean imp barely misses you. Natasha claws you.
The cerulean imp hits you but does no damage. x2
Natasha stares at you and mumbles some strange words.
The magic dart hits you.
1135 ||| READING scroll of teleportation.
As you read the scroll of teleportation, it crumbles to dust.
You feel strangely unstable. The cerulean imp barely misses you.
Natasha claws you.
You die...

#......#########.#####.#########
....#.....##........#............
## .#####.....###.#.#.###.###.#..
................#.#.###[..#....
#'########.#....#.#.##....##..#
#.##5......##........#
#...5.5#...##....###..
#..###h#...##....#.#..
#..5.@.#.......#...#..
##.###.##......#.#)#.#
#.......#............
#####......#........#
#.......#.###..###
####.#..#.###..# #
#...........### #....#...#.....
####...#...######


You could see Natasha and 2 cerulean imps.

Vanquished Creatures
  Terence (D:2)
  An adder (D:2)
  6 dart slugs
  4 ball pythons
  5 endoplasms
  A giant cockroach (D:2)
  2 goblins (D:1)
  4 hobgoblins
  4 jackals (D:1)
  3 kobolds
  2 quokkas
  2 frilled lizards
  2 rats (D:1)
37 creatures vanquished.

Notes
Turn   | Place    | Note
-------+----------+-------------------------------------------
     0 | D:1      | qw the Gargoyle Hunter began the quest for the Orb.
     0 | D:1      | Reached XP level 1. HP: 12/12 MP: 1/1
     0 | D:1      | 0 ||| qw: Version: 0.2-a-29-g511e9b1
     0 | D:1      | 0 ||| qw: Game counter: 5505
     0 | D:1      | 0 ||| qw: Always use a shield: true
     0 | D:1      | 0 ||| qw: God list: Okawaru
     0 | D:1      | 0 ||| qw: Allow faded altars: false
     0 | D:1      | 0 ||| qw: Do Orc after D:15 true
     0 | D:1      | 0 ||| qw: Do second Lair branch before Depths: true
     0 | D:1      | 0 ||| qw: Lair rune preference: random
     0 | D:1      | 0 ||| qw: Plans: Normal, Zot:1-4, Slime:5, God:TSO, Crypt,
                  | Tomb, Abyss, Pan, Hells, Win
     0 | D:1      | 0 ||| PLANNING D:1-11
    76 | D:1      | Reached XP level 2. HP: 17/17 MP: 2/2
   245 | D:1      | Reached XP level 3. HP: 21/21 MP: 3/3
   262 | D:1      | Reached skill level 5 in Ranged Weapons
   576 | D:1      | 576 ||| UPGRADING to +1 hat.
   581 | D:1      | 581 ||| READING scroll labelled HEULYN TEFIA.
   585 | D:1      | 585 ||| DROPPING scroll of butterflies.
   707 | D:2      | Reached skill level 3 in Fighting
   790 | D:2      | Noticed Terence
   803 | D:2      | Killed Terence
   804 | D:2      | Reached XP level 4. HP: 20/28 MP: 4/4
  1122 | D:2      | Noticed Natasha
  1126 | D:2      | 1126 ||| Stepping ~*~*~tactically~*~*~ (outnumbered).
  1128 | D:2      | 1128 ||| Stepping ~*~*~tactically~*~*~ (outnumbered).
  1130 | D:2      | 1130 ||| Stepping ~*~*~tactically~*~*~ (outnumbered).
  1134 | D:2      | HP: 5/28 [Natasha/magic dart (6)]
  1135 | D:2      | 1135 ||| READING scroll of teleportation.
  1135 | D:2      | Slain by Natasha

Levels and vault maps discovered:
D:1:      tarquinn_simple_flora_water_c, layout_loops_ring
D:2:      layout_basic, uniq_terence, uniq_natasha

Skill      XL: |  1  2  3 |
---------------+----------+-----
Ranged Weapons | 5 |  5.4
Fighting       | 3 |  3.0
Dodging        | |  1.5
Stealth        | |  1.1

Action                     |  1- 3 |  4- 6 || total
---------------------------+-------+-------++-------
   Fire: Shortbow          |   107 |    16 ||   123
    Use: Scroll            |     1 |     1 ||     2
 Armour: Leather armour    |    14 |     4 ||    18
  Dodge: Dodged            |    28 |     3 ||    31

Table legend:
 A = Non-vault XP
 B = Vault XP
 C = Vault XP percentage of total XP
 D = Non-vault monster count
 E = Vault monster count
 F = Vault count percentage of total count
                 A         B        C        D         E       F
            +---------+---------+-------+---------+---------+-------
      Total |      87 |      36 |  29.3 |      36 |       1 |   2.7
            +---------+---------+-------+---------+---------+-------
        D:1 |      51 |       0 |   0.0 |      23 |       0 |   0.0
        D:2 |      36 |      36 |  50.0 |      13 |       1 |   7.1
            +---------+---------+-------+---------+---------+-------
